[Event "10th Beirut Open-ch 2019"]
[Site "Beirut"]
[Date "2019.05.03"]
[Round "9.8"]
[White "Kaloust, Giorgio"]
[Black "Sursock, Sameer"]
[Result "0-1"]
[ECO "E82"]
[WhiteElo "1919"]
[BlackElo "2048"]
[PlyCount "56"]
[EventDate "2019.04.25"]
[EventType "swiss"]
[EventRounds "9"]
[EventCountry "LBN"]
[TimeControl "5400+30"]

1. d4 Nf6 2. c4 g6 3. Nc3 Bg7 4. e4 d6 5. f3 O-O 6. Be3 b6 7. Bd3 a6 8. Qd2 c5 9. e5 cxd4 10. Bxd4 dxe5 11. Bxe5 Nc6 12. Bg3 Nb4 13. Rd1 Be6 14. b3 Ra7 15. a3 Nxd3+ 16. Qxd3 Rd7 17. Qe3 Ng4 18. Rxd7 Nxe3 19. Rxd8 Rxd8 20. Ke2 Nxc4 21. Ne4 Nxa3 22. Bc7 Rd7 23. Bxb6 Bxb3 24. Nh3 Bc4+ 25. Kf2 f5 26. Nc5 Rd5 27. Nf4 Bd4+ 28. Kg3 Be5 0-1

[Event "10th Beirut Open-ch 2019"]
[Site "Beirut"]
[Date "2019.05.03"]
[Round "9.9"]
[White "Novikova, Margarita"]
[Black "Moudallal, Tarek"]
[Result "0-1"]
[ECO "A48"]
[WhiteElo "2032"]
[BlackElo "2043"]
[PlyCount "98"]
[EventDate "2019.04.25"]
[EventType "swiss"]
[EventRounds "9"]
[EventCountry "LBN"]
[TimeControl "5400+30"]

1. d4 Nf6 2. Nf3 g6 3. Bf4 Bg7 4. h3 O-O 5. e3 d6 6. Be2 Nc6 7. O-O Qe8 8. c4 e5 9. Bh2 Nd7 10. Nc3 f5 11. Nd5 Qd8 12. b4 e4 13. Nd2 Nf6 14. Nxf6+ Qxf6 15. Qb3 Kh8 16. b5 Ne7 17. f3 exf3 18. Rxf3 Qh4 19. Bg3 Qh6 20. h4 Bf6 21. Rf4 Qg7 22. Raf1 h6 23. d5 g5 24. hxg5 hxg5 25. R4f3 f4 26. exf4 g4 27. Rd3 Bf5 28. Re3 Bd4 29. Bf2 Bxe3 30. Qxe3 Bd7 31. Qg3 Rae8 32. Nb3 Kg8 33. Bd4 Nf5 34. Qd3 Nxd4 35. Nxd4 Qh6 36. Qg3 Qg7 37. Qd3 Re7 38. f5 Qg5 39. Ne6 Bxe6 40. dxe6 Rg7 41. g3 Qf6 42. Qd5 c6 43. bxc6 bxc6 44. Qxc6 Qe5 45. Rf2 Qxg3+ 46. Qg2 Qe3 47. Qd5 Kh8 48. f6 g3 49. Qh5+ Rh7 0-1

[Event "10th Beirut Open-ch 2019"]
[Site "Beirut"]
[Date "2019.05.03"]
[Round "9.10"]
[White "Nassar, Marc"]
[Black "Hassweh, Mwaffaq"]
[Result "1-0"]
[ECO "C30"]
[WhiteElo "1909"]
[BlackElo "1866"]
[PlyCount "55"]
[EventDate "2019.04.25"]
[EventType "swiss"]
[EventRounds "9"]
[EventCountry "LBN"]
[TimeControl "5400+30"]

1. e4 e5 2. f4 Bc5 3. Nf3 d6 4. c3 a6 5. d4 exd4 6. cxd4 Ba7 7. Nc3 Nf6 8. Be2 Nc6 9. O-O O-O 10. Kh1 Re8 11. e5 dxe5 12. fxe5 Nd5 13. Bd3 h6 14. Bb1 Bg4 15. Qd3 f5 16. exf6 Nxf6 17. Bxh6 Qd7 18. Bg5 Bxf3 19. gxf3 Qxd4 20. Qc2 Qc4 21. Qg2 Qf7 22. a3 Qe7 23. Ba2+ Kf8 24. Qh3 Qd7 25. Qh8+ Ke7 26. Qxg7+ Kd8 27. Qxf6+ Kc8 28. Rad1 {... 36 moves} 1-0

[Event "10th Beirut Open-ch 2019"]
[Site "Beirut"]
[Date "2019.05.03"]
[Round "9.12"]
[White "Al Salman, Mohamad"]
[Black "Sharbel, Marwan"]
[Result "1/2-1/2"]
[ECO "D31"]
[WhiteElo "1958"]
[BlackElo "1973"]
[PlyCount "102"]
[EventDate "2019.04.25"]
[EventType "swiss"]
[EventRounds "9"]
[EventCountry "LBN"]
[TimeControl "5400+30"]

1. d4 d5 2. c4 e6 3. Nc3 c6 4. Nf3 dxc4 5. e4 b5 6. a3 Nf6 7. Be2 Be7 8. O-O a6 9. Bg5 Nbd7 10. e5 Nd5 11. Ne4 O-O 12. Qd2 Bxg5 13. Nfxg5 h6 14. Nh3 c5 15. f4 cxd4 16. Qxd4 Qb6 17. Qxb6 N7xb6 18. Kf2 Bd7 19. Bf3 Rac8 20. Rfd1 Rfd8 21. Rd2 Rc7 22. Rad1 Kf8 23. g4 Ke7 24. Kg3 c3 25. bxc3 Nxc3 26. Nxc3 Rxc3 27. Rd3 Rxd3 28. Rxd3 Bc8 29. Rc3 Nc4 30. Nf2 f6 31. Nd3 fxe5 32. Nxe5 Nxe5 33. fxe5 Kd7 34. Bc6+ Ke7 35. Bf3 Bd7 36. Rc7 Rc8 37. Ra7 Rc5 38. Bg2 Rc3+ 39. Kf2 Rc5 40. Be4 Kd8 41. Ra8+ Bc8 42. Bb7 Kd7 43. Bxc8+ Rxc8 44. Rxa6 Rc3 45. Rd6+ Ke7 46. Rb6 Rc5 47. Rb7+ Kf8 48. Kf3 Rxe5 49. Kf4 Re2 50. h4 Ra2 51. Rxb5 Rxa3 1/2-1/2

[Event "10th Beirut Open-ch 2019"]
[Site "Beirut"]
[Date "2019.05.03"]
[Round "9.13"]
[White "Khoder, Akram"]
[Black "Hariri, Nizar"]
[Result "0-1"]
[ECO "A13"]
[WhiteElo "1608"]
[BlackElo "1958"]
[PlyCount "136"]
[EventDate "2019.04.25"]
[EventType "swiss"]
[EventRounds "9"]
[EventCountry "LBN"]
[TimeControl "5400+30"]

1. c4 e6 2. g3 d5 3. cxd5 exd5 4. Bg2 Nf6 5. d3 c6 6. Nf3 Bd6 7. O-O O-O 8. Nc3 Re8 9. Re1 Bg4 10. Qc2 Nbd7 11. Bd2 Ne5 12. Nxe5 Bxe5 13. f3 Qb6+ 14. Kh1 Bh5 15. e4 Rad8 16. Be3 d4 17. Na4 Qb5 18. Bd2 Bc7 19. Rac1 Nd7 20. Nc5 Nxc5 21. Qxc5 Qxd3 22. Bg5 Bxf3 23. Bxd8 Bxg2+ 24. Kxg2 Qd2+ 25. Kh1 Rxd8 26. Qa3 Qh6 27. Qd3 Qe6 28. Qc4 Qg6 29. Rcd1 Be5 30. b4 h5 31. Qc5 f6 32. Rd3 Qg4 33. Kg2 a6 34. a4 h4 35. h3 Qe6 36. Re2 hxg3 37. Qc2 Kf7 38. Qb3 Qxb3 39. Rxb3 Ke6 40. a5 g5 41. Kf3 Rh8 42. Kg2 Rh4 43. Rd3 g4 44. hxg4 Rxg4 45. Re1 Rh4 46. Re2 Rh2+ 47. Kf3 Rh1 48. Rb2 Rc1 49. Kg4 Rc3 50. Rbd2 Rc4 51. Rb2 Bd6 52. Rdb3 Rc1 53. Rd3 Bxb4 54. Kxg3 c5 55. Kf4 Rf1+ 56. Kg4 Ke5 57. Rf3 Rg1+ 58. Kh5 Kxe4 59. Rxf6 d3 60. Rff2 Ke3 61. Rh2 d2 62. Rb3+ Kd4 63. Rh4+ Kd5 64. Rd3+ Kc6 65. Rxb4 cxb4 66. Rxd2 Kb5 67. Rd7 Kxa5 68. Rxb7 Ka4 0-1

[Event "10th Beirut Open-ch 2019"]
[Site "Beirut"]
[Date "2019.05.03"]
[Round "9.14"]
[White "Berbari, Imad"]
[Black "Arkadan, Adib"]
[Result "1/2-1/2"]
[ECO "A01"]
[WhiteElo "1666"]
[BlackElo "1686"]
[PlyCount "62"]
[EventDate "2019.04.25"]
[EventType "swiss"]
[EventRounds "9"]
[EventCountry "LBN"]
[TimeControl "5400+30"]

1. b3 e5 2. Bb2 Nc6 3. e3 d5 4. Bb5 Bd6 5. f4 f6 6. Nh3 Qe7 7. O-O Nh6 8. Qh5+ Qf7 9. Qxf7+ Nxf7 10. fxe5 fxe5 11. Nf2 O-O 12. a3 a6 13. Be2 Be6 14. Bg4 Bxg4 15. Nxg4 h5 16. Nf2 Nh6 17. Nc3 Ne7 18. d3 Rf7 19. Nh3 Raf8 20. Rxf7 Rxf7 21. Ng5 Rf5 22. Nf3 Rf6 23. Ne2 Nf7 24. c4 c6 25. b4 Rh6 26. e4 d4 27. Bc1 Rf6 28. Ng3 g6 29. Bd2 Kg7 30. c5 Bc7 31. h4 Nd8 1/2-1/2

[Event "10th Beirut Open-ch 2019"]
[Site "Beirut"]
[Date "2019.05.03"]
[Round "9.15"]
[White "Slim, Nadim"]
[Black "Khechen, Nabil E"]
[Result "1/2-1/2"]
[ECO "E14"]
[WhiteElo "1781"]
[BlackElo "1933"]
[PlyCount "152"]
[EventDate "2019.04.25"]
[EventType "swiss"]
[EventRounds "9"]
[EventCountry "LBN"]
[TimeControl "5400+30"]

1. d4 Nf6 2. c4 c5 3. e3 e6 4. Nf3 b6 5. Be2 Bb7 6. b3 cxd4 7. exd4 Bb4+ 8. Bd2 Be7 9. Nc3 O-O 10. Qc2 Nc6 11. a3 d5 12. Be3 Rc8 13. O-O Na5 14. Nd2 Ba6 15. c5 Bxe2 16. Nxe2 bxc5 17. dxc5 e5 18. Qf5 Nc6 19. b4 d4 20. Bg5 Nd7 21. Bxe7 Nxe7 22. Qd3 a5 23. f4 f6 24. Nc4 axb4 25. axb4 Nc6 26. Nd6 Rb8 27. Qc4+ Kh8 28. b5 Ne7 29. fxe5 d3 30. Nf4 Nxe5 31. Qd4 Qd7 32. Nxd3 N7g6 33. c6 Qc7 34. Ra7 Nxc6 35. bxc6 Qxc6 36. Nb4 Qb6 37. Nc2 Kg8 38. Qxb6 Rxb6 39. Nf5 Rf7 40. Rxf7 Kxf7 41. Ncd4 Ne7 42. Nxe7 Kxe7 43. Re1+ Kf8 44. Rc1 Rb7 45. h3 g6 46. Ne6+ Ke7 47. Rc7+ Rxc7 48. Nxc7 Kd6 49. Nb5+ Kc5 50. Nc3 Kd4 51. Nd1 f5 52. Kf2 g5 53. Ne3 Ke4 54. Nf1 f4 55. Nh2 h5 56. Ke2 Ke5 57. Nf3+ Kf5 58. Nd2 g4 59. h4 Ke5 60. Kf2 Kd4 61. Nb3+ Kc4 62. Na5+ Kd3 63. Nc6 Ke4 64. Nd8 Kf5 65. Nf7 Kf6 66. Ng5 Ke5 67. Ke2 Kf5 68. Kd3 Ke5 69. Nh7 Kf5 70. Kd4 f3 71. gxf3 gxf3 72. Ke3 Kg4 73. Kf2 Kxh4 74. Kxf3 Kh3 75. Nf6 Kh4 76. Nxh5 Kxh5 1/2-1/2

[Event "10th Beirut Open-ch 2019"]
[Site "Beirut"]
[Date "2019.05.03"]
[Round "9.16"]
[White "Salameh, Sleiman"]
[Black "Hasan Ali Prince"]
[Result "0-1"]
[ECO "B84"]
[WhiteElo "1621"]
[BlackElo "1854"]
[PlyCount "106"]
[EventDate "2019.04.25"]
[EventType "swiss"]
[EventRounds "9"]
[EventCountry "LBN"]
[TimeControl "5400+30"]

1. e4 c5 2. Nc3 d6 3. f4 Nf6 4. Nf3 a6 5. d4 cxd4 6. Nxd4 e6 7. Be2 Be7 8. Be3 Qc7 9. O-O b5 10. a3 Bb7 11. Bf3 O-O 12. Qe1 Nbd7 13. Rd1 Nc5 14. Bf2 Rfd8 15. Qe3 Bf8 16. Rfe1 d5 17. e5 Nfe4 18. Bh4 Rd7 19. Nce2 Na4 20. b4 Nac3 21. Rd3 Nxe2+ 22. Rxe2 Rc8 23. h3 Nc3 24. Red2 a5 25. Rxc3 Qxc3 26. Rd3 Qc4 27. Be2 axb4 28. Rb3 Qxd4 29. Qxd4 Bc5 30. Qxc5 Rxc5 31. axb4 Rxc2 32. Bxb5 Rdc7 33. Bd8 R7c3 34. Rxc3 Rxc3 35. Bb6 f6 36. Bc5 fxe5 37. fxe5 Kf7 38. Be2 Kg6 39. Bg4 Bc8 40. Kf1 h5 41. Bf3 Ba6+ 42. Ke1 Kg5 43. Kd2 Rxf3 44. gxf3 Kf4 45. Bd6 Kxf3 46. h4 Kf4 47. Kc3 g5 48. hxg5 Kxg5 49. Kd4 h4 50. Be7+ Kg4 51. Ke3 Kg3 52. Bxh4+ Kxh4 53. Kf4 Kh5 0-1

[Event "10th Beirut Open-ch 2019"]
[Site "Beirut"]
[Date "2019.05.03"]
[Round "9.17"]
[White "Moughames, Ronald"]
[Black "Salman, Samer"]
[Result "0-1"]
[ECO "C71"]
[WhiteElo "1721"]
[BlackElo "1505"]
[PlyCount "140"]
[EventDate "2019.04.25"]
[EventType "swiss"]
[EventRounds "9"]
[EventCountry "LBN"]
[TimeControl "5400+30"]

1. e4 e5 2. Nf3 Nc6 3. Bb5 a6 4. Ba4 d6 5. h3 b5 6. Bb3 Na5 7. O-O Nf6 8. d4 exd4 9. e5 dxe5 10. Nxe5 Nxb3 11. axb3 Bb7 12. Qe2 Be7 13. Re1 O-O 14. c4 dxc3 15. Nxc3 Bb4 16. Bg5 h6 17. Bh4 Bxc3 18. bxc3 Qd5 19. f3 g5 20. c4 bxc4 21. bxc4 Qe6 22. Bf2 Nd7 23. Qb2 Bc6 24. Ng4 Qg6 25. Rad1 Rfb8 26. Qa1 h5 27. Rxd7 hxg4 28. Rxc7 gxh3 29. Qe5 Re8 30. Qc5 Rxe1+ 31. Bxe1 Ba4 32. Rc8+ Rxc8 33. Qxc8+ Kh7 34. Qxh3+ Kg7 35. Bc3+ f6 36. Qe6 Qb1+ 37. Kh2 Qh7+ 38. Kg1 Qb1+ 39. Be1 Qb7 40. c5 Qc6 41. Qf5 Bb3 42. Bc3 Kf7 43. Qh7+ Kf8 44. Qh8+ Kf7 45. Qh5+ Kf8 46. Qh8+ Kf7 47. Qh7+ Kf8 48. Bd4 a5 49. Qg6 Ke7 50. Qg7+ Bf7 51. Qh8 a4 52. Qb8 Qd7 53. Qb4 Qc6 54. Qa5 Qd7 55. Qb4 Qc6 56. Kf2 Bb3 57. Ke3 Qe6+ 58. Kd2 Qc6 59. Qb8 Qd7 60. Kc3 Bf7 61. Qb6 Qe6 62. Qa7+ Kd8 63. Qxa4 Qe1+ 64. Kb2 Qd2+ 65. Ka3 Qd3+ 66. Kb2 Qd2+ 67. Ka3 Qd3+ 68. Kb2 Qd2+ 69. Kb1 Bg6+ 70. Ka1 Qc1+ 0-1

[Event "10th Beirut Open-ch 2019"]
[Site "Beirut"]
[Date "2019.05.03"]
[Round "9.18"]
[White "Bedrosian, Danielle"]
[Black "Muhssen, Fared Saleh"]
[Result "0-1"]
[ECO "A01"]
[WhiteElo "1676"]
[BlackElo "1898"]
[PlyCount "78"]
[EventDate "2019.04.25"]
[EventType "swiss"]
[EventRounds "9"]
[EventCountry "LBN"]
[TimeControl "5400+30"]

1. b3 d5 2. Bb2 Nf6 3. g3 c5 4. Bg2 Nc6 5. d3 e5 6. e3 Be7 7. Nd2 Be6 8. Ne2 d4 9. e4 Qd7 10. h3 O-O-O 11. a3 Kb8 12. Nc1 Qc7 13. Qe2 h5 14. Na2 Nd7 15. O-O-O g6 16. Kb1 Nb6 17. Nc1 Bg5 18. h4 Bh6 19. Bh3 Bxh3 20. Rxh3 Qd7 21. Rhh1 Ne7 22. Rdf1 Qc7 23. a4 Rdf8 24. Nf3 f6 25. Nh2 f5 26. f3 Be3 27. Qg2 Rf6 28. Ne2 Rhf8 29. Bc1 Nxa4 30. bxa4 Qa5 31. Bxe3 dxe3 32. Nc1 Qxa4 33. Qe2 Ra6 34. Nb3 f4 35. gxf4 exf4 36. Qe1 Nc6 37. Qc3 Nd4 38. Qxc5 Qa2+ 39. Kc1 Nxb3+ 0-1

[Event "10th Beirut Open-ch 2019"]
[Site "Beirut"]
[Date "2019.05.03"]
[Round "9.19"]
[White "Hanna, Elie"]
[Black "Jabr, Bernard"]
[Result "1-0"]
[ECO "B01"]
[WhiteElo "1726"]
[BlackElo "1679"]
[PlyCount "65"]
[EventDate "2019.04.25"]
[EventType "swiss"]
[EventRounds "9"]
[EventCountry "LBN"]
[TimeControl "5400+30"]

1. e4 d5 2. exd5 Nf6 3. d4 c6 4. dxc6 Nxc6 5. Nf3 Bg4 6. Bb5 Qa5+ 7. Nc3 O-O-O 8. Bxc6 bxc6 9. h3 Bh5 10. O-O e5 11. Qd3 exd4 12. Nxd4 Qb6 13. Qf5+ Kb7 14. Nb3 Bg6 15. Qf3 Kb8 16. Be3 Qc7 17. Nd4 Nd5 18. Nxd5 cxd5 19. c4 Be4 20. Bf4 Bd6 21. Qb3+ Ka8 22. Nb5 Qe7 23. Bxd6 Rxd6 24. Nxd6 Qxd6 25. cxd5 Rb8 26. Qa4 Qxd5 27. Rad1 Qf5 28. f3 Bd3 29. Qc6+ Rb7 30. Rfe1 a6 31. Re7 Qb5 32. Qxb7+ Qxb7 33. Rxb7 1-0

[Event "10th Beirut Open-ch 2019"]
[Site "Beirut"]
[Date "2019.05.03"]
[Round "9.22"]
[White "Al Azmi, Khalaf"]
[Black "Terzian, Kevork"]
[Result "1-0"]
[ECO "B08"]
[WhiteElo "1740"]
[BlackElo "1731"]
[PlyCount "56"]
[EventDate "2019.04.25"]
[EventType "swiss"]
[EventRounds "9"]
[EventCountry "LBN"]
[TimeControl "5400+30"]

1. e4 d6 2. d4 g6 3. Nf3 Bg7 4. Nc3 Nf6 5. h3 O-O 6. Be3 Re8 7. Bc4 a6 8. e5 dxe5 9. dxe5 Qxd1+ 10. Rxd1 Nh5 11. g4 b5 12. Be2 b4 13. Nd5 Bb7 14. Nxc7 Rc8 15. Nxa8 Bxa8 16. gxh5 Bxe5 17. b3 Rxc2 18. Rd8+ Kg7 19. h6+ Kf6 20. Bg5+ Ke6 21. Bc4+ Rxc4 22. bxc4 Bxf3 23. O-O Nc6 24. Re8 f6 25. Be3 f5 26. c5 Be2 27. Re1 Bb5 28. f4 Bc3 {... 45 moves} 1-0